 Dungeon Crawl Stone Soup version 0.30.0-30-g96aa6591b8 (webtiles) character file.

Game seed: 7474979913008483237

38 Ayven the Sneak (level 3, -1/20 HPs)
             Began as a Deep Elf Brigand on June 27, 2023.
             Slain by a gnoll
             ... wielding a +0 club
              (4 damage)
             ... on level 1 of the Dungeon.
             The game lasted 00:03:41 (651 turns).

Ayven the Sneak (Deep Elf Brigand)                   Turns: 651, Time: 00:03:42

Health: -1/20      AC:  3    Str:  8    XL:     3   Next: 25%
Magic:  5/5        EV: 12    Int: 15    God:
Gold:   54         SH:  0    Dex: 18    Spells: 2/2 levels left

rFire   . . .        a - +2 dagger
rCold   . . .        (no shield)
rNeg    . . .        b - +0 robe
rPois   .            (no helmet)
rElec   .            c - +0 cloak
rCorr   .            (no gloves)
SInv    .            (no boots)
Will    .....        (no amulet)
Stlth   +++          (no ring)
HPRegen 0.23/turn    (no ring)
MPRegen 0.09/turn

%: no passive effects
@: no status effects
A: no striking features
a: no special abilities


You were on level 1 of the Dungeon.
You visited 1 branch of the dungeon, and saw 1 of its levels.

You collected 54 gold pieces.

Inventory:

Hand Weapons
 a - a +2 dagger (weapon)
Missiles
 d - 7 poisoned darts (quivered)
 e - 3 curare-tipped darts
Armour
 b - a +0 robe (worn)
 c - a +0 cloak (worn)
Scrolls
 f - a scroll of noise {unknown}
 g - a scroll of enchant armour {unknown}
 h - a scroll of identify {unknown}


   Skills:
 - Level 1.5 Fighting
 - Level 2.0 Short Blades
 - Level 2.0 Throwing
 + Level 1.4 Dodging
 + Level 6.3 Stealth


You had 2 spell levels left.
You didn't know any spells.
Your spell library contained the following spells:

 Spells                   Type           Power      Damage    Failure   Level
 Summon Guardian Golem    Hex/Summ       0%         N/A       63%         3
 Orb of Destruction       Conj           0%         9d5       100%        7
 Spellforged Servitor     Conj/Summ      0%         N/A       100%        7


Dungeon Overview and Level Annotations

Branches:
Dungeon (1/15)

Altars:


Message History

h - a scroll labelled ROTEPAIHUG
There is a stone staircase leading down here.
You now have 54 gold pieces (gained 3).
You see here a frilled lizard corpse.
You see here a +0 dagger.
There is a shaft, spattered with blood here.
You see here a +0 club.
There is a stone staircase leading down here.
An endoplasm comes into view.
An endoplasm is nearby!
A gnoll comes into view. It is wielding a +0 club.
The gnoll shouts!
The gnoll attacks as you move away! The gnoll barely misses you.
You closely miss the gnoll. The gnoll closely misses you.
You barely miss the gnoll. The gnoll hits you with a +0 club.
You hit the gnoll. You punch the gnoll, but do no damage.
The gnoll is lightly wounded.
The gnoll hits you with a +0 club.
You barely miss the gnoll.
The gnoll is lightly wounded.
The gnoll misses you.
You closely miss the gnoll.
The gnoll is lightly wounded.
The gnoll hits you with a +0 club.
You hit the gnoll.
The gnoll is moderately wounded.
The gnoll hits you with a +0 club.
You barely miss the gnoll.
The gnoll is moderately wounded.
The gnoll barely misses you.
You closely miss the gnoll.
The gnoll is moderately wounded.
You hit the gnoll.
The gnoll is severely wounded.
The gnoll hits you with a +0 club.
* * * LOW HITPOINT WARNING * * *
You hit the gnoll.
The gnoll is almost dead.
The gnoll hits you with a +0 club.
You die...

.....# ..... ♣♣##.###
..... .♣♣....# ......
...♣.#.### ...... ##
♣♣♣..#..)# ######...... ##
#### #.# #........... #.#
## #.####.##J....... #)#
##
♣#######......##g#######
#.# ## ......##....###.@#
#.#### ......##.....##.##
#.##..
......##......>.######
#.#...
......##.............#####
#.#.#.
......######.#######.....#
#.#.#. ......# #.#
#####.###.#.#. ..)...# #.#
#.......## ......## #.#
#####.#..# .......# #.#
#.#.##


You could see a gnoll and an endoplasm.

Vanquished Creatures
  A gnoll (D:1)
  A ball python (D:1)
  3 endoplasms (D:1)
  2 giant cockroaches (D:1)
  A goblin (D:1)
  4 hobgoblins (D:1)
  6 jackals (D:1)
  4 bats (D:1)
  2 frilled lizards (D:1)
  A kobold (D:1)
25 creatures vanquished.

Notes
Turn   | Place    | Note
-------+----------+-------------------------------------------
     0 | D:1      | Ayven the Deep Elf Brigand began the quest for the Orb.
     0 | D:1      | Reached XP level 1. HP: 12/12 MP: 3/3
    52 | D:1      | Reached skill level 5 in Stealth
    96 | D:1      | Reached XP level 2. HP: 11/16 MP: 4/4
   145 | D:1      | Reached skill level 6 in Stealth
   337 | D:1      | Found a faded altar of an unknown god.
   402 | D:1      | Reached XP level 3. HP: 20/20 MP: 5/5
   651 | D:1      | Slain by a gnoll

Illustrated notes

Levels and vault maps discovered:
D:1:      minmay_arrival_glassed_features, layout_rooms,
          shapermc_ecumenical_altar_totnotflames

Skill      XL: |  1  2 |
---------------+-------+-----
Stealth        | 5 6 |  6.3
Fighting       | |  1.5
Short Blades   | |  2.0
Throwing       | |  2.0
Dodging        | |  1.4

Action                     || total
---------------------------++-------
  Melee: Dagger            ||    99
         Punch             ||     1
  Throw: Dart              ||    14
   Stab: Sleeping          ||     4
 Armour: Robe              ||    29
  Dodge: Dodged            ||    92
